[Event "Titled Tuesday Blitz January 25 2022"]
[White "Bodnaruk, Anastasia"]
[Black "Visakh N R"]
[WhiteFideId "4181751"]
[BlackFideId "25012223"]
[WhiteElo "2393"]
[BlackElo "2454"]
[Result "0-1"]
[Round "07"]
[TimeControl "180+1"]
[Date "2022.01.26"]
[WhiteClock "0:00:01"]
[BlackClock "0:00:10"]

1. e4 e5 2. Nf3 Nc6 3. Bb5 a6 4. Ba4 Nf6 5. O-O Be7 6. Re1 b5 7. Bb3 d6 8. c3 O-O 9. h3 Re8 10. d4 Bb7 11. Nbd2 Bf8 12. a4 h6 13. d5 Nb8 14. c4 b4 15. a5 c5 16. Nf1 Bc8 17. g4 Nh7 18. Ng3 Be7 19. Nf5 Ng5 20. Nxg5 Bxg5 21. Bxg5 hxg5 22. Qd2 g6 23. Ng3 Kg7 24. Kg2 Rh8 25. Ne2 Qf6 26. Ng1 Qf4 27. Re3 Bxg4 28. hxg4 Rh2+ 29. Kf1 Qxg4 30. Rd1 Qg2+ 31. Ke2 Nd7 32. Kd3 Qxf2 33. Qxf2 Rxf2 34. Re2 Rxe2 35. Nxe2 Rh8 36. Rg1 Rh3+ 37. Rg3 Rh5 38. Ba4 Nf6 39. Bc6 Rh4 40. Bb7 Nxe4 41. Rg2 f5 42. Bxa6 Rh3+ 43. Kc2 b3+ 44. Kd1 f4 45. Ng1 Rd3+ 46. Ke1 f3 47. Nxf3 Rxf3 48. Bb7 Rh3 49. a6 Rh1+ 50. Ke2 Ra1 51. Kd3 Nf6 52. Rxg5 Nd7 53. Rg2 Nb8 54. Kc3 Nxa6 55. Bxa6 Rxa6 56. Kxb3 Ra8 57. Kc3 Kf6 58. Rf2+ Kg5 59. Rf7 e4 60. Rd7 Re8 61. Kd2 Rb8 62. Rxd6 Kf4 0-1


[Site "https://www.chess.com"]

[Event "Titled Tuesday Blitz January 25 2022"]
[White "Bortnyk, Olexandr"]
[Black "Weetik, Vjacheslav"]
[WhiteFideId "14120828"]
[BlackFideId "4153472"]
[WhiteElo "2723"]
[BlackElo "2469"]
[Result "1-0"]
[Round "07"]
[TimeControl "180+1"]
[Date "2022.01.26"]
[WhiteClock "0:00:02"]
[BlackClock "0:00:07"]

1. e4 c6 2. c4 e5 3. Nf3 d6 4. d4 Nd7 5. Nc3 Ngf6 6. g3 Be7 7. Bg2 O-O 8. O-O a6 9. Re1 b5 10. c5 Bb7 11. cxd6 Bxd6 12. dxe5 Nxe5 13. Nxe5 Bxe5 14. Be3 Qe7 15. Qc2 Rac8 16. Rad1 c5 17. Bg5 h6 18. Nd5 Bxd5 19. Bxf6 Qxf6 20. Rxd5 Bd4 21. e5 Qe6 22. Rd6 Qxa2 23. Re2 Rce8 24. Bd5 Qa4 25. Qxa4 bxa4 26. e6 fxe6 27. Bxe6+ Kh8 28. Rxa6 Rxf2 29. Rxf2 Rf8 30. Rxa4 Bxf2+ 31. Kg2 Bd4 32. b3 Rf2+ 33. Kh3 g6 34. Ra8+ Kg7 35. Bd5 h5 36. g4 Be5 37. gxh5 gxh5 38. Rg8+ Kf6 39. Rf8+ 1-0


[Site "https://www.chess.com"]

[Event "Titled Tuesday Blitz January 25 2022"]
[White "Brodowski, Piotr"]
[Black "Garcia Martin, Marta"]
[WhiteFideId "1124480"]
[BlackFideId "32084030"]
[WhiteElo "2422"]
[BlackElo "2102"]
[Result "0-1"]
[Round "07"]
[TimeControl "180+1"]
[Date "2022.01.26"]
[WhiteClock "0:00:01"]
[BlackClock "0:00:53"]

1. c4 b6 2. Nc3 Bb7 3. e4 e6 4. a3 c5 5. g3 Nc6 6. Bg2 Nge7 7. Nge2 Nd4 8. Nxd4 cxd4 9. Nb5 Nc6 10. e5 Qb8 11. O-O Nxe5 12. d3 Bxg2 13. Kxg2 Qb7+ 14. f3 Nc6 15. Bf4 e5 16. Qe2 d6 17. Qe4 Be7 18. Nxd4 exd4 19. Bxd6 O-O-O 20. Bf4 Rhe8 21. Qxh7 g5 22. Bd2 Qd7 23. Rfe1 Rh8 24. Qxf7 Qh3+ 25. Kg1 Qxh2+ 26. Kf1 Bd6 27. Qf5+ Kb8 28. Qd5 Bxg3 0-1


[Site "https://www.chess.com"]

[Event "Titled Tuesday Blitz January 25 2022"]
[White "Bryakin, Mikhail"]
[Black "Le, Tuan Minh"]
[WhiteFideId "4165314"]
[BlackFideId "12401153"]
[WhiteElo "2421"]
[BlackElo "2450"]
[Result "0-1"]
[Round "07"]
[TimeControl "180+1"]
[Date "2022.01.26"]
[WhiteClock "0:01:12"]
[BlackClock "0:01:28"]

1. e4 c5 2. c3 Nf6 3. e5 Nd5 4. Nf3 Nc6 5. d4 cxd4 6. Bc4 Nb6 7. Bb3 d5 8. cxd4 Bg4 9. Be3 e6 10. O-O Be7 11. Nc3 O-O 12. h3 Bh5 13. g4 Bg6 14. Qe2 Rc8 15. Rac1 Nc4 16. Bc2 Qd7 17. Bxg6 fxg6 18. Kg2 Rf7 19. Nb1 Rcf8 20. Nh2 Bh4 21. f3 Qd8 22. Rcd1 Nxe3+ 23. Qxe3 Bg5 24. Qc3 Bf4 25. Nd2 Qh4 26. Rh1 Qg3+ 27. Kf1 Qxh3+ 28. Kf2 Bxh2 29. Nf1 Rxf3+ 0-1


[Site "https://www.chess.com"]

[Event "Titled Tuesday Blitz January 25 2022"]
[White "Cherniaiev, Tykhon"]
[Black "Nguyen, Hong Ngoc"]
[WhiteFideId "14182360"]
[BlackFideId "12403083"]
[WhiteElo "2289"]
[BlackElo "1830"]
[Result "1-0"]
[Round "07"]
[TimeControl "180+1"]
[Date "2022.01.26"]
[WhiteClock "0:00:37"]
[BlackClock "0:00:03"]

1. Nf3 f5 2. d3 Nf6 3. e4 d6 4. exf5 Bxf5 5. d4 Qd7 6. Bd3 Bxd3 7. Qxd3 e6 8. O-O Nc6 9. Re1 O-O-O 10. c4 Re8 11. Nc3 g6 12. Be3 d5 13. Ne5 Nxe5 14. dxe5 dxc4 15. Qxc4 Nd5 16. Bxa7 Bg7 17. Rad1 Rd8 18. Nb5 Qc6 19. Bc5 Kb8 20. Rc1 Bh6 21. Nd4 Qd7 22. Rcd1 b6 23. Ba3 Kb7 24. g3 Rhe8 25. Rd3 g5 26. Rb3 g4 27. Nb5 Qc6 28. Qxg4 Bd2 29. Rd1 Ba5 30. Nd4 Qa4 31. Qf3 Rf8 32. Qg2 Rfe8 33. Rbd3 c6 34. Bd6 Qxa2 35. b4 Bxb4 36. Nxc6 Kxc6 37. Bxb4 Kb7 38. Bd6 Qc4 39. Rd4 Qc2 40. R4d2 Qc4 41. Qh3 Rd7 42. Rxd5 1-0


[Site "https://www.chess.com"]

[Event "Titled Tuesday Blitz January 25 2022"]
[White "Chernomordik, Pavel"]
[Black "Korchmar, Vasiliy"]
[WhiteFideId "2804530"]
[BlackFideId "24131750"]
[WhiteElo "2249"]
[BlackElo "2370"]
[Result "1/2-1/2"]
[Round "07"]
[TimeControl "180+1"]
[Date "2022.01.26"]
[WhiteClock "0:00:41"]
[BlackClock "0:00:05"]

1. e4 c5 2. Nc3 d6 3. f4 Nc6 4. Nf3 e6 5. g3 Nf6 6. Bg2 Be7 7. Ke2 O-O 8. Re1 b5 9. Kf1 b4 10. Nb1 a5 11. d3 a4 12. Kg1 Bb7 13. h3 Nd7 14. Nbd2 Bf6 15. Rb1 Qc7 16. g4 g6 17. Nf1 Rfc8 18. Ng3 Nd4 19. g5 Bg7 20. f5 Nxf3+ 21. Qxf3 exf5 22. Bf4 a3 23. b3 Bd4+ 24. Kh1 Ne5 25. Qe2 fxe4 26. Nxe4 Bxe4 27. Bxe4 Rab8 28. Bd5 Re8 29. Rf1 Re7 30. Qg2 Rbe8 31. h4 Qd7 32. Bxe5 Rxe5 33. Bxf7+ Qxf7 34. Rxf7 Kxf7 35. Rf1+ Kg8 36. Qf3 Rf5 37. Qg2 Rxf1+ 38. Qxf1 Kg7 39. Qf3 Rf8 40. Qd5 Be5 41. Kg2 Rf7 42. Qe6 Rf4 43. Qe7+ Rf7 44. Qe6 Kf8 45. Qc8+ Kg7 46. Qe6 1/2-1/2


[Site "https://www.chess.com"]

[Event "Titled Tuesday Blitz January 25 2022"]
[White "Costachi, Mihnea"]
[Black "Weishaeutel, Moritz"]
[WhiteFideId "1217518"]
[BlackFideId "12967300"]
[WhiteElo "2464"]
[BlackElo "2002"]
[Result "1-0"]
[Round "07"]
[TimeControl "180+1"]
[Date "2022.01.26"]
[WhiteClock "0:02:14"]
[BlackClock "0:01:04"]

1. e4 e6 2. Qe2 d5 3. exd5 Qxd5 4. Nc3 Qd8 5. Nf3 Nf6 6. d4 Be7 7. Bg5 O-O 8. O-O-O b6 9. Bxf6 Bxf6 10. Qe4 c6 11. Bd3 g6 12. h4 h5 13. g4 hxg4 14. h5 e5 15. hxg6 gxf3 16. g7 Bg5+ 17. Kb1 Kxg7 18. Rh7+ Kg8 19. Rdh1 f5 20. Bc4+ Rf7 21. Rxf7 fxe4 22. Rd7+ Kf8 23. Rh8# 1-0


[Site "https://www.chess.com"]

[Event "Titled Tuesday Blitz January 25 2022"]
[White "Cunjalo, Faris"]
[Black "Andreikin, Dmitry"]
[WhiteFideId "14410710"]
[BlackFideId "4158814"]
[WhiteElo "2908"]
[BlackElo "3004"]
[Result "0-1"]
[Round "07"]
[TimeControl "180+1"]
[Date "2022.01.26"]
[WhiteClock "0:00:02"]
[BlackClock "0:00:06"]

1. d4 d5 2. Nf3 Nf6 3. g3 b5 4. Qd3 a6 5. Bg2 e6 6. Bg5 Nbd7 7. Nbd2 c5 8. e4 h6 9. Bxf6 Nxf6 10. exd5 Nxd5 11. O-O Bb7 12. Rfe1 Be7 13. dxc5 Bxc5 14. Ne4 Ba7 15. Qa3 b4 16. Qa4+ Kf8 17. c4 bxc3 18. bxc3 Qc7 19. c4 Nf6 20. Nxf6 gxf6 21. Rad1 Bc6 22. Qa3+ Kg7 23. Nh4 Rhd8 24. Qc3 Rac8 25. Qc2 Rxd1 26. Rxd1 Bxg2 27. Kxg2 Qxc4 28. Qxc4 Rxc4 29. Rd7 Bc5 30. Rc7 Rc3 31. Nf3 a5 32. Nd2 Bd4 33. Rd7 Bb6 34. Ne4 Rc2 35. a4 f5 36. Nd6 Rxf2+ 37. Kh3 Kg6 38. Nxf7 Ra2 39. Ne5+ Kf6 40. Nc4 Bg1 41. g4 fxg4+ 42. Kxg4 Rxa4 43. Rc7 Bxh2 44. Rc6 Rb4 45. Kf3 a4 46. Ke3 Be5 47. Kd3 Bb2 48. Ra6 a3 49. Ra8 h5 50. Ne3 Rb3+ 51. Ke4 Rb4+ 52. Kf3 h4 53. Ng4+ Ke7 54. Ra7+ Kd6 55. Ne3 Kc5 56. Rc7+ Kb6 0-1


[Site "https://www.chess.com"]

[Event "Titled Tuesday Blitz January 25 2022"]
[White "De Silva, L M S T"]
[Black "Nozdrachev, Leonid"]
[WhiteFideId "9953698"]
[BlackFideId "24113433"]
[WhiteElo "1631"]
[BlackElo "2124"]
[Result "1-0"]
[Round "07"]
[TimeControl "180+1"]
[Date "2022.01.26"]
[WhiteClock "0:00:37"]
[BlackClock "0:00:01"]

1. e4 c6 2. d4 d5 3. Nc3 dxe4 4. Nxe4 Bf5 5. Ng3 Bg6 6. Nf3 Nd7 7. h4 h6 8. h5 Bh7 9. Bd3 Bxd3 10. Qxd3 e6 11. Bd2 Ngf6 12. O-O-O Be7 13. Kb1 a5 14. Ne4 a4 15. a3 Nxe4 16. Qxe4 Nf6 17. Qe2 Qd5 18. Ne5 b5 19. f3 Rb8 20. Bb4 Bxb4 21. axb4 Ra8 22. g4 Nd7 23. Nxd7 Qxd7 24. f4 Qd5 25. Rhg1 Qd6 26. f5 Qxb4 27. fxe6 O-O 28. Rd3 a3 29. b3 Rae8 30. exf7+ Kxf7 31. Qg2 Re1+ 32. Ka2 Kg8 33. Rxe1 Qxe1 34. Qd2 Qxd2 35. Rxd2 b4 36. d5 cxd5 37. Rd4 Rf2 38. Rxb4 Rxc2+ 39. Kxa3 Kf7 40. Rb7+ Kf6 41. Rb6+ Kf7 42. Kb4 Rg2 43. Rg6 Rc2 44. Rd6 Rd2 45. Kc5 Rg2 46. Rxd5 Rxg4 47. b4 g6 48. b5 Rg1 49. b6 1-0


[Site "https://www.chess.com"]

[Event "Titled Tuesday Blitz January 25 2022"]
[White "Deac, Bogdan-Daniel"]
[Black "Jobava, Baadur"]
[WhiteFideId "1226380"]
[BlackFideId "13601520"]
[WhiteElo "3013"]
[BlackElo "2919"]
[Result "0-1"]
[Round "07"]
[TimeControl "180+1"]
[Date "2022.01.26"]
[WhiteClock "0:00:08"]
[BlackClock "0:00:10"]

1. e4 c6 2. Nf3 d5 3. d3 Bg4 4. h3 Bxf3 5. Qxf3 e6 6. g3 Nd7 7. Bg2 g6 8. Qe2 Ne7 9. O-O Bg7 10. Nd2 O-O 11. c3 a5 12. a4 dxe4 13. dxe4 Nc5 14. Nc4 Nb3 15. Rd1 Qc7 16. Rb1 Nxc1 17. Rbxc1 Rad8 18. Ne3 Nc8 19. Rxd8 Rxd8 20. Rd1 Nb6 21. Qc2 Bf8 22. Ng4 Kg7 23. Rxd8 Qxd8 24. Ne5 Qd6 25. Nf3 Qc5 26. Bf1 Bd6 27. Kg2 Bc7 28. Qb3 g5 29. Be2 h6 30. Nd4 Be5 31. Nf3 Kf6 32. h4 Bc7 33. hxg5+ hxg5 34. Qd1 Ke7 35. Qc1 f6 36. Qh1 Kd7 37. Qh7+ Qe7 38. Qg8 Nxa4 39. e5 Bxe5 40. Nxe5+ fxe5 41. Qa8 Qd8 42. Qxb7+ Qc7 43. Qb3 Nc5 44. Qc4 Qd6 45. b4 axb4 46. cxb4 Nb7 47. Bf3 Nd8 48. b5 cxb5 49. Qxb5+ Ke7 50. Qb3 Kf6 51. Qe3 Nf7 52. Be4 Qd4 53. Qf3+ Kg7 54. Bc6 Qc5 55. Be4 Nd6 56. Qg4 Kf6 57. Qf3+ Ke7 58. Ba8 Qa5 59. Qc6 Kf6 60. Qxd6 Qxa8+ 61. Kg1 Qa1+ 62. Kg2 Qa8+ 63. Kg1 Kf5 64. Qd3+ Qe4 65. Qd1 g4 66. Qd8 Qe1+ 67. Kg2 Qe4+ 68. Kg1 Qb1+ 69. Kg2 Qb7+ 70. Kg1 Ke4 71. Qg5 Qb1+ 72. Kg2 Qd1 73. Qg6+ Kd5 74. Qf7 Qd4 75. Qd7+ Ke4 76. Qxe6 Kd3 77. Qf5+ Qe4+ 78. Qxe4+ Kxe4 79. Kg1 Kf3 80. Kf1 e4 81. Ke1 e3 82. fxe3 Kxe3 83. Kf1 Kf3 84. Kg1 Kxg3 85. Kf1 Kf3 86. Kg1 Kg3 87. Kf1 Kh2 88. Kf2 g3+ 89. Kf3 g2 90. Kf4 g1=Q 0-1


[Site "https://www.chess.com"]

[Event "Titled Tuesday Blitz January 25 2022"]
[White "Debray, Christopher"]
[Black "Zelbel, Patrick"]
[WhiteFideId "630810"]
[BlackFideId "24624322"]
[WhiteElo "2369"]
[BlackElo "2493"]
[Result "0-1"]
[Round "07"]
[TimeControl "180+1"]
[Date "2022.01.26"]
[WhiteClock "0:00:29"]
[BlackClock "0:01:49"]

1. d4 g6 2. Bf4 Bg7 3. Nc3 d5 4. e3 c6 5. h4 Nf6 6. Nf3 Bg4 7. Be2 h5 8. Ne5 Bf5 9. Qd2 Nfd7 10. g4 hxg4 11. Nxg4 Na6 12. O-O-O Nc7 13. f3 Ne6 14. Bg3 b5 15. e4 Bxg4 16. exd5 Bh6 17. f4 Bxe2 18. dxe6 Bxd1 19. exd7+ Qxd7 20. Rxd1 O-O-O 21. d5 b4 22. Na4 Qxd5 23. Qe2 Qxd1+ 24. Qxd1 Rxd1+ 25. Kxd1 Bg7 26. Ke2 Rh5 27. b3 Kd7 28. Kd3 Bf6 0-1


[Site "https://www.chess.com"]

[Event "Titled Tuesday Blitz January 25 2022"]
[White "Demchenko, Anton"]
[Black "Sarana, Alexey"]
[WhiteFideId "4160258"]
[BlackFideId "24133795"]
[WhiteElo "2539"]
[BlackElo "2665"]
[Result "1-0"]
[Round "07"]
[TimeControl "180+1"]
[Date "2022.01.26"]
[WhiteClock "0:00:04"]
[BlackClock "0:00:02"]

1. e4 c5 2. Nf3 d6 3. d4 cxd4 4. Qxd4 Nc6 5. Qe3 Nf6 6. Nc3 g6 7. h3 Bg7 8. Bc4 O-O 9. O-O Bd7 10. Rd1 Rc8 11. Qe2 a6 12. a4 Qc7 13. Bb3 Na5 14. Bg5 Nxb3 15. cxb3 Bc6 16. b4 h6 17. Bh4 g5 18. Bg3 Nh5 19. Bh2 Nf4 20. Bxf4 gxf4 21. Nd4 Bxd4 22. Rxd4 e5 23. Rd2 Rcd8 24. Rad1 Rfe8 25. b5 axb5 26. axb5 Re6 27. bxc6 bxc6 28. b4 Rg6 29. b5 Qa5 30. Rc2 cxb5 31. Qxb5 Qa7 32. Qd3 Kh7 33. Kh2 Rdg8 34. f3 Qe7 35. Nd5 Qh4 36. Qf1 Rg3 37. Rdd2 Qg5 38. Kh1 Rg7 39. Rc6 Qd8 40. Rdc2 R3g6 41. Rd2 Rg3 42. Nc3 R3g6 43. Qd1 Qh4 44. Rcxd6 Rg3 45. Qf1 Qg5 46. Nd5 Rg6 47. Rxg6 Qxg6 48. Qf2 Qc6 49. Rc2 Qa6 50. Kh2 Rg7 51. Qe2 Qg6 52. Qd3 Qg3+ 53. Kg1 Qe1+ 54. Qf1 Qg3 55. Kh1 Qg6 56. Qf2 Qg5 57. Rb2 Rg6 58. Rb7 Kg7 59. Qb2 Qg3 60. Qxe5+ Kh7 61. Rxf7+ Kg8 62. Qe8# 1-0


[Site "https://www.chess.com"]

[Event "Titled Tuesday Blitz January 25 2022"]
[White "Di Nicolantonio, Lucas"]
[Black "Yuan, Qingyu"]
[WhiteFideId "680460"]
[BlackFideId "8609772"]
[WhiteElo "2381"]
[BlackElo "2359"]
[Result "1-0"]
[Round "07"]
[TimeControl "180+1"]
[Date "2022.01.26"]
[WhiteClock "0:00:10"]
[BlackClock "0:00:06"]

1. d4 d5 2. c4 e6 3. Nf3 Nf6 4. Nc3 a6 5. c5 b6 6. cxb6 c5 7. e3 Nbd7 8. Be2 Nxb6 9. O-O Be7 10. Ne5 Bb7 11. Na4 Nbd7 12. Nxd7 Nxd7 13. dxc5 Nxc5 14. b4 Ne4 15. Bb2 O-O 16. Rc1 Rc8 17. Rxc8 Qxc8 18. h3 Bc6 19. a3 Qb7 20. Nc3 Nd6 21. Bd3 Bf6 22. Qb1 h6 23. Ne2 Bxb2 24. Qxb2 d4 25. Qxd4 Bxg2 26. Qxd6 Bxh3 27. Nf4 Bxf1 28. Kxf1 Qc8 29. Bxa6 Qc1+ 30. Kg2 Qxa3 31. Bd3 Qa8+ 32. Kh2 Rd8 33. Qe5 Qf3 34. Be4 Qxf2+ 35. Bg2 Qh4+ 36. Nh3 Rd2 37. Qb8+ Kh7 38. Qe5 Qg4 39. Nf4 g5 40. Qe4+ f5 41. Qb7+ Kg8 42. Qc8+ Kf7 43. Qxe6+ Kg7 44. Qg6+ Kf8 45. Qxh6+ Ke7 46. Qe6+ Kd8 47. Qg8+ Kd7 48. Qg7+ Ke8 49. Qe5+ Kd8 50. Qa5+ Kd7 51. Qa7+ Kd8 52. Qa8+ Kd7 53. Nh3 Qxg2+ 54. Qxg2 Rxg2+ 55. Kxg2 g4 56. Nf4 Kc6 57. Kg3 Kb5 58. Kh4 Kxb4 59. Kg5 Kc3 60. Kxf5 Kd2 61. e4 g3 62. e5 Ke3 63. e6 g2 64. Nxg2+ Kd4 65. e7 1-0


[Site "https://www.chess.com"]

[Event "Titled Tuesday Blitz January 25 2022"]
[White "Donchenko, Alexander"]
[Black "Babazada, Khazar"]
[WhiteFideId "24603295"]
[BlackFideId "13413554"]
[WhiteElo "2539"]
[BlackElo "2418"]
[Result "0-1"]
[Round "07"]
[TimeControl "180+1"]
[Date "2022.01.26"]
[WhiteClock "0:00:01"]
[BlackClock "0:00:05"]

1. Nf3 d5 2. g3 Nf6 3. Bg2 g6 4. c4 d4 5. b4 Bg7 6. Bb2 c5 7. O-O O-O 8. d3 Nfd7 9. Nbd2 cxb4 10. Bxd4 Bxd4 11. Nxd4 e5 12. N4f3 Nc6 13. a3 bxa3 14. Rxa3 Nc5 15. Qa1 Qe7 16. Rb1 Bd7 17. Nb3 Nxb3 18. Raxb3 b6 19. Rb5 Rfe8 20. e3 Rad8 21. Rd1 Bc8 22. h3 e4 23. dxe4 Rxd1+ 24. Qxd1 Ba6 25. Rd5 Bxc4 26. Rd7 Rd8 27. Rxd8+ Qxd8 28. Qa1 a5 29. Nd4 Nxd4 30. exd4 b5 31. d5 a4 32. Qa3 Qf6 33. d6 Qd4 34. e5 Be6 35. Qc1 Qxe5 36. Qc6 a3 37. Qa8+ Kg7 38. Qxa3 Qd4 39. Qa5 b4 40. Qa4 Qxd6 41. Be4 b3 42. h4 h5 43. Qa1+ Kh7 44. Qf6 Qd1+ 45. Kg2 Bd5 46. Kh2 Qd2 47. Bxg6+ fxg6 48. Qe7+ Kg8 49. Qe8+ Kg7 50. Qe5+ Kf7 51. Qc7+ Ke6 52. Qc8+ Ke5 53. Qc7+ Ke4 54. Qe7+ Kd3 55. Qf6 Kc2 56. Qxg6+ Kc1 0-1


[Site "https://www.chess.com"]

[Event "Titled Tuesday Blitz January 25 2022"]
[White "Efimenko, Zahar"]
[Black "Howell, David W L"]
[WhiteFideId "14107201"]
[BlackFideId "410608"]
[WhiteElo "2528"]
[BlackElo "2559"]
[Result "0-1"]
[Round "07"]
[TimeControl "180+1"]
[Date "2022.01.26"]
[WhiteClock "0:00:27"]
[BlackClock "0:01:11"]

1. Nf3 b5 2. g3 Bb7 3. Na3 b4 4. Nc4 c5 5. Bg2 d5 6. Nce5 f6 7. Nd3 e5 8. Nfxe5 fxe5 9. Nxe5 Nf6 10. O-O Bd6 11. d4 O-O 12. Bg5 h6 13. Be3 cxd4 14. Bxd4 Re8 15. Nd3 Nbd7 16. c3 bxc3 17. Bxc3 Rb8 18. e3 Qe7 19. Rc1 Ne5 20. Nf4 Qf7 21. Qa4 Ne4 22. Bd4 g5 23. Bxe5 Bxe5 24. Nd3 Bd6 25. Qxa7 Ra8 26. Qd4 Rxa2 27. Nb4 Ra4 0-1


[Site "https://www.chess.com"]

[Event "Titled Tuesday Blitz January 25 2022"]
[White "Evdokimov, Alexander A."]
[Black "Piesik, Piotr"]
[WhiteFideId "4139275"]
[BlackFideId "1136194"]
[WhiteElo "2444"]
[BlackElo "2232"]
[Result "0-1"]
[Round "07"]
[TimeControl "180+1"]
[Date "2022.01.26"]
[WhiteClock "0:00:20"]
[BlackClock "0:00:56"]

1. Nf3 g6 2. g3 Bg7 3. Bg2 d5 4. O-O Nf6 5. c4 c6 6. d4 O-O 7. Qb3 a5 8. Bf4 a4 9. Qc2 Bf5 10. Qc1 Ne4 11. Bh6 Nd7 12. Na3 Nd6 13. Bxg7 Kxg7 14. Nd2 Nf6 15. f3 b5 16. c5 Nc4 17. Naxc4 dxc4 18. e3 Bd3 19. Re1 e5 20. dxe5 Nd7 21. f4 Rc8 22. b4 axb3 23. axb3 Nxc5 24. bxc4 b4 25. Qb2 Qb6 26. Nf3 Bxc4 27. Qd4 Be6 28. Rec1 Nd7 29. Qxb6 Nxb6 30. Nd4 c5 31. Nb5 b3 32. Rab1 c4 33. e4 Rc5 34. Nc3 Rd8 35. Rd1 Rxd1+ 36. Rxd1 Ra5 37. h3 h5 38. Kf2 Na4 39. Ne2 Nc5 40. Nd4 Ra2+ 41. Kf3 c3 42. f5 gxf5 43. exf5 Bd5+ 44. Kf4 Rxg2 45. f6+ Kg6 46. Nf5 Rf2+ 47. Ke3 Rxf5 48. Rxd5 b2 0-1


[Site "https://www.chess.com"]

[Event "Titled Tuesday Blitz January 25 2022"]
[White "FGHSMN"]
[Black "Kirillov-Dmitry"]
[WhiteElo "2706"]
[BlackElo "2516"]
[Result "1-0"]
[Round "07"]
[TimeControl "180+1"]
[Date "2022.01.26"]
[WhiteClock "0:00:39"]
[BlackClock "0:00:02"]

1. b3 Nf6 2. Bb2 e6 3. Nf3 d5 4. c4 Be7 5. e3 O-O 6. Nc3 c5 7. cxd5 Nxd5 8. h4 Nc6 9. Qb1 Bf6 10. Ng5 g6 11. Nce4 Bxb2 12. Qxb2 h6 13. Nf3 b6 14. Bc4 f5 15. Nc3 Qf6 16. O-O-O Rd8 17. h5 g5 18. Nxd5 Qxb2+ 19. Kxb2 exd5 20. Bb5 Bb7 21. Bxc6 Bxc6 22. d4 c4 23. Ne5 Rac8 24. Rc1 b5 25. Rhg1 a5 26. g4 Bd7 27. gxf5 Bxf5 28. f4 g4 29. Nxg4 Bxg4 30. Rxg4+ Kh7 31. Rcg1 c3+ 32. Kc2 Re8 33. R1g3 Re7 34. f5 Rce8 35. f6 Rxe3 36. Rg7+ Kh8 37. f7 Rf8 38. Rg8+ 1-0


[Site "https://www.chess.com"]

[Event "Titled Tuesday Blitz January 25 2022"]
[White "Galyas, Miklos"]
[Black "Panesar Vedant"]
[WhiteFideId "707244"]
[BlackFideId "35033018"]
[WhiteElo "2409"]
[BlackElo "1971"]
[Result "1/2-1/2"]
[Round "07"]
[TimeControl "180+1"]
[Date "2022.01.26"]
[WhiteClock "0:01:35"]
[BlackClock "0:00:26"]

1. c4 Nf6 2. Nc3 c5 3. g3 d5 4. cxd5 Nxd5 5. Bg2 Nc7 6. e3 g6 7. Nge2 Bg7 8. O-O O-O 9. b3 Nc6 10. Bb2 Qd7 11. Rc1 Rd8 12. d4 cxd4 13. Nxd4 Nxd4 14. exd4 Qxd4 15. Nd5 Qxd1 16. Nxe7+ Kf8 17. Bxg7+ Kxe7 18. Rfxd1 Rxd1+ 19. Rxd1 f6 20. h4 Bg4 21. Rc1 Ne6 22. Bh6 Rb8 23. Be3 b6 24. Bd5 Rd8 25. Bxe6 Bxe6 1/2-1/2


[Site "https://www.chess.com"]

[Event "Titled Tuesday Blitz January 25 2022"]
[White "Garriga Cazorla, Pere"]
[Black "Bacrot, Etienne"]
[WhiteFideId "32011601"]
[BlackFideId "605506"]
[WhiteElo "2458"]
[BlackElo "2673"]
[Result "0-1"]
[Round "07"]
[TimeControl "180+1"]
[Date "2022.01.26"]
[WhiteClock "0:00:13"]
[BlackClock "0:00:29"]

1. d4 Nf6 2. c4 g6 3. Nc3 d5 4. cxd5 Nxd5 5. e4 Nxc3 6. bxc3 Bg7 7. Bb5+ c6 8. Ba4 O-O 9. Ne2 a5 10. e5 b5 11. Bc2 c5 12. Be4 Ra7 13. h4 Bb7 14. Bxb7 Rxb7 15. h5 Qd5 16. hxg6 hxg6 17. Rh3 Qxg2 18. Rg3 Qh1+ 19. Rg1 Qe4 20. Be3 Rd8 21. Ng3 Qd5 22. Qg4 Qc4 23. Rc1 cxd4 24. cxd4 Qb4+ 25. Kf1 Bxe5 26. Nf5 Bf6 27. Rh1 e6 28. Nh6+ Kf8 29. Qf3 Qe7 30. Ng4 Bg7 31. Rh7 Rc7 32. Rxc7 Qxc7 33. Bh6 Bxh6 34. Nxh6 Qc1+ 35. Kg2 Qc6 36. Rxf7+ Ke8 37. Rf6 Ke7 38. Rf7+ Kd6 39. Rg7 Qxf3+ 40. Kxf3 Rf8+ 41. Ke3 Nc6 42. Rxg6 Nb4 43. f4 Nxa2 44. f5 b4 45. Rxe6+ Kc7 46. Ng4 b3 47. Kd3 a4 48. Ne5 b2 49. Rc6+ Kb7 50. Kc2 Nb4+ 51. Kxb2 Nxc6 0-1


[Site "https://www.chess.com"]

[Event "Titled Tuesday Blitz January 25 2022"]
[White "Golubev, Mikhail"]
[Black "Bambino Filho, Antonio Carlos"]
[WhiteFideId "14100983"]
[BlackFideId "2113163"]
[WhiteElo "2374"]
[BlackElo "2433"]
[Result "0-1"]
[Round "07"]
[TimeControl "180+1"]
[Date "2022.01.26"]
[WhiteClock "0:00:19"]
[BlackClock "0:00:08"]

1. e4 c5 2. Nf3 d6 3. d4 cxd4 4. Nxd4 Nf6 5. Nc3 a6 6. Bc4 e6 7. O-O Be7 8. Bb3 O-O 9. f4 Nbd7 10. Be3 Nc5 11. Qf3 Qc7 12. g4 Nxb3 13. axb3 g6 14. f5 e5 15. Nde2 d5 16. Nxd5 Nxd5 17. exd5 Qxc2 18. Rac1 Qxb3 19. Rc3 Qxb2 20. Bh6 Bd7 21. Bxf8 Rxf8 22. Rb3 Qc2 23. Rc1 Qd2 24. Rd3 Qb2 25. Rc7 Qb6+ 26. Qe3 Qxc7 27. Qh6 Bb5 28. Rh3 Qc5+ 29. Kf1 Bxe2+ 30. Kxe2 Qc4+ 31. Kd1 Qxd5+ 32. Ke2 Qe4+ 33. Kf1 Qf4+ 0-1


[Site "https://www.chess.com"]

[Event "Titled Tuesday Blitz January 25 2022"]
[White "Gunina, Valentina"]
[Black "Navalgund, Niranjan"]
[WhiteFideId "4167570"]
[BlackFideId "5030854"]
[WhiteElo "2465"]
[BlackElo "2290"]
[Result "0-1"]
[Round "07"]
[TimeControl "180+1"]
[Date "2022.01.26"]
[WhiteClock "0:00:11"]
[BlackClock "0:00:07"]

1. d4 Nf6 2. c4 e6 3. Nf3 Bb4+ 4. Bd2 c5 5. Bxb4 cxb4 6. g3 b6 7. Bg2 Bb7 8. Qb3 a5 9. O-O O-O 10. a3 Nc6 11. d5 a4 12. Qd3 exd5 13. cxd5 Ba6 14. Qd2 Na5 15. Nd4 b3 16. Nf5 g6 17. Ne3 d6 18. Nc3 Qd7 19. Qd4 Ne8 20. Qxb6 Nc4 21. Nxc4 Bxc4 22. Qd4 Rc8 23. Rac1 f5 24. Rfe1 Nf6 25. e4 f4 26. gxf4 Nh5 27. f5 Nf4 28. Bf3 Nd3 29. Bg4 h5 30. Bh3 g5 31. Re3 Nxc1 32. f6 g4 33. e5 Ne2+ 34. Nxe2 Bxe2 35. e6 Rc1+ 36. Kg2 Qh7 37. Qf4 Bf1+ 38. Kg3 Bxh3 39. f7+ Kh8 40. Qf6+ Qg7 41. e7 Rg1+ 0-1


[Site "https://www.chess.com"]

[Event "Titled Tuesday Blitz January 25 2022"]
[White "Hakemi, Arman"]
[Black "Martin Duque, Jesus"]
[WhiteFideId "22520805"]
[BlackFideId "2208954"]
[WhiteElo "2208"]
[BlackElo "2243"]
[Result "1-0"]
[Round "07"]
[TimeControl "180+1"]
[Date "2022.01.26"]
[WhiteClock "0:00:27"]
[BlackClock "0:01:03"]

1. e4 c5 2. Nf3 b6 3. d4 cxd4 4. Nxd4 Bb7 5. Nc3 a6 6. Bc4 e6 7. Be3 b5 8. Bd3 Qc7 9. a3 Nf6 10. Qd2 Nc6 11. f4 Na5 12. e5 Nd5 13. Nxd5 Bxd5 14. b3 Rc8 15. O-O Be7 16. Rae1 Nc6 17. f5 Nxe5 18. Bf4 d6 19. fxe6 fxe6 20. Bg3 Bf6 21. c4 bxc4 22. bxc4 Nxc4 23. Nxe6 Nxd2 24. Nxc7+ Kd8 25. Nxd5 Nxf1 26. Kxf1 Rf8 27. Nxf6 Rxf6+ 28. Kg1 Rc5 29. Bxa6 Ra5 30. Bc4 Kd7 31. a4 g5 32. Bb5+ Kc7 33. Re7+ Kb6 34. Bf2+ 1-0


[Site "https://www.chess.com"]